 Dungeon Crawl Stone Soup version 0.20.2-3-g29329e0561 (webtiles) character file.

402 Alfie the Shield-Bearer (level 6, 0/52 HPs)
             Began as a Hill Orc Fighter on Sept 14, 2022.
             Slain by Alfie's ghost (7 damage)
             ... on level 4 of the Dungeon.
             The game lasted 00:07:26 (2569 turns).

Alfie the Shield-Bearer (Hill Orc Fighter)          Turns: 2569, Time: 00:07:27

Health: 0/52       AC:  7    Str: 21    XL:     6   Next: 85%
Magic:  6/6        EV:  8    Int:  8    God:
Gold:   173        SH: 10    Dex: 10    Spells: 5/5 levels left

rFire    . . .     SeeInvis .   a - +0 rapier
rCold    . . .     Gourm    .   c - +0 shield
rNeg     . . .     Faith    .   b - +0 scale mail
rPois    .         Spirit   .   (no helmet)
rElec    .         Reflect  .   (no cloak)
rCorr    .         Harm     .   (no gloves)
MR       .....                  (no boots)
Stlth    ..........             (no amulet)
Regen    0.2/turn               (no ring)
MPRegen  0.1/turn               (no ring)

@: no status effects
A: no striking features
a: no special abilities


You were on level 4 of the Dungeon.
You were not hungry.

You visited 1 branch of the dungeon, and saw 4 of its levels.

You collected 173 gold pieces.

Inventory:

Hand Weapons
 a - a +0 rapier (weapon)
Missiles
 e - 5 tomahawks (quivered)
Armour
 b - a +0 scale mail (worn)
 c - a +0 shield (worn)
Jewellery
 m - an uncursed amulet of harm
 r - an uncursed ring of ice
Scrolls
 p - a scroll of remove curse
Potions
 g - a potion of berserk rage {unknown}
 h - a potion of haste {unknown}
 j - a potion of magic {unknown}
 n - a potion of ambrosia {unknown}
 o - a potion of lignification {unknown}
Comestibles
 f - 2 bread rations
 i - a meat ration


   Skills:
 + Level 4.2 Fighting
 + Level 4.0 Short Blades
 + Level 0.3 Throwing
 + Level 4.9 Armour
 + Level 1.0 Dodging
 + Level 0.1 Stealth
 + Level 5.2 Shields


You had 5 spell levels left.
You didn't know any spells.

Dungeon Overview and Level Annotations

Branches:
Dungeon (4/15)
 Temple: D:4-7

Altars:
Hepliaklqana
Kikubaaqudgha
Okawaru
Xom
Zin

Annotations:
D:4 Alfie's ghost, amateur HOFi


Message History

You hit Alfie's ghost but do no damage.
Alfie's ghost is lightly damaged.
Alfie's ghost hits you.
* * * LOW HITPOINT WARNING * * *
Alfie's ghost closely misses you.
You closely miss Alfie's ghost.
Alfie's ghost is lightly damaged.
Alfie's ghost hits you.
* * * LOW HITPOINT WARNING * * *
You closely miss Alfie's ghost.
Alfie's ghost is lightly damaged.
Alfie's ghost hits you.
* * * LOW HITPOINT WARNING * * *
You hit Alfie's ghost but do no damage.
Alfie's ghost is lightly damaged.
Alfie's ghost hits you but does no damage.
You hit Alfie's ghost but do no damage.
Alfie's ghost is lightly damaged.
Alfie's ghost hits you!
You die...

#.#.##+#.......#.#######
#.#.#.....####.#.#
#.#.#.....# #.#.#
..#.#.....# #.#.#
###.#.....# #.#.#
#.##'#### #.#.# #.##.#
#.#.# # #.##.#
#.#.######. ###.##.#
#.#@W...... .##.##.#
#...##.(( .##.##.# #...#
.##.##.# #...# .##.##.#
#...# .##.##.# #...#
.##.##.# #...# .##.##.#
##### .##.##.#####


You could see Alfie's ghost.

Vanquished Creatures
  The ghost of Alfie the Skirmisher, an amateur HOFi (D:3)
  A hound (D:4)
  An orc wizard (D:3)
  An orc priest (D:3)
  An iguana (D:4)
  A worker ant (D:4)
  6 adders
  3 worms
  3 dart slugs
  An orc (D:3)
  3 bat skeletons (D:2)
  A bat zombie (D:2)
  5 giant cockroaches
  4 goblins
  6 hobgoblins
  6 kobolds
  4 quokkas
  7 bats
  3 frilled lizards
  3 rats
61 creatures vanquished.

Notes
Turn   | Place    | Note
-------+----------+-------------------------------------------
     0 | D:1      | Alfie the Hill Orc Fighter began the quest for the Orb.
     0 | D:1      | Reached XP level 1. HP: 19/19 MP: 1/1
   259 | D:1      | Reached XP level 2. HP: 19/27 MP: 2/2
   928 | D:2      | Reached XP level 3. HP: 30/33 MP: 3/3
  1167 | D:2      | Reached skill level 4 in Shields
  1167 | D:2      | Reached XP level 4. HP: 30/40 MP: 4/4
  1378 | D:2      | Found an ancient bone altar of Kikubaaqudgha.
  1665 | D:3      | Found a glowing silver altar of Zin.
  1795 | D:3      | Noticed Alfie's ghost (amateur HOFi)
  1815 | D:3      | Killed Alfie's ghost
  1815 | D:3      | Reached XP level 5. HP: 36/46 MP: 5/5
  1815 | D:3      | Reached XP level 6. HP: 40/52 MP: 6/6
  2217 | D:3      | Reached skill level 1 in Dodging
  2222 | D:3      | Reached skill level 5 in Shields
  2256 | D:3      | Found a shimmering altar of Xom.
  2257 | D:3      | Found a hazy altar of Hepliaklqana.
  2258 | D:3      | Noticed a spectral ugly thing
  2338 | D:4      | Noticed Alfie's ghost (amateur HOFi)
  2426 | D:4      | Found an iron altar of Okawaru.
  2569 | D:4      | Slain by Alfie's ghost

Skill      XL: |  1  2  3  4  5  6 |
---------------+-------------------+-----
Shields        | 4 5 |  5.2
Armour         | 4 |  4.9
Short Blades   | 3 4 |  4.0
Fighting       | 4 |  4.2
Dodging        | 1 |  1.0
Throwing       | |  0.3
Stealth        | |  0.1

Action                   |  1- 3 |  4- 6 || total
-------------------------+-------+-------++-------
Melee: Rapier            |   139 |   177 ||   316
Throw: Tomahawk          |       |    12 ||    12
  Use: Potion            |       |     5 ||     5
       Scroll            |       |     4 ||     4
  Eat: Bread ration      |     1 |     1 ||     2
Armor: Scale mail        |    56 |    82 ||   138
Dodge: Dodged            |    37 |    71 ||   108
Block: Shield            |    74 |   109 ||   183
